 Dungeon Crawl Stone Soup version 0.29-a0-371-g91724d5b39 (webtiles) character file.

Game seed: 13399332918238263581

46 Hubjo the Firebug (level 3, -6/17 (20) HPs)
             Began as a Deep Elf Fire Elementalist on May 3, 2022.
             Mangled by Sigmund
             ... wielding a +0 scythe
              (11 damage)
             ... on level 2 of the Dungeon.
             The game lasted 00:03:48 (2255 turns).

Hubjo the Firebug (Deep Elf Fire Elementalist)      Turns: 2255, Time: 00:03:49

HP:   -6/17 (20)    AC:  3    Str:  3 (5)  XL:     3   Next: 44%
MP:   6/10          EV: 12    Int: 18 (19) God:
Gold: 53            SH:  0    Dex: 15 (17) Spells: 8/9 levels left

rFire   . . .      SeeInvis .   d - +0 dagger
rCold   . . .      Faith    .   (no shield)
rNeg    . . .      Spirit   .   a - +0 robe
rPois   .          Reflect  .   (no helmet)
rElec   .          Harm     .   h - scarf {+Inv}
rCorr   .          Rampage  .   i - +0 pair of gloves
Will    .....                   (no boots)
Stlth   ++........              (no amulet)
HPRegen 0.05/turn               (no ring)
MPRegen 0.12/turn               (no ring)

@: heavily drained
A: no striking features
a: Evoke Invisibility


You were on level 2 of the Dungeon.
You visited 1 branch of the dungeon, and saw 2 of its levels.

You collected 53 gold pieces.

Inventory:

Hand Weapons
 d - a +0 dagger (weapon)
Armour
 a - a +0 robe (worn)
 h - a scarf of invisibility (worn)
 i - a +0 pair of gloves (worn)
Scrolls
 f - a scroll of fog
 l - a scroll of identify
Potions
 b - a potion of magic
 c - a potion of degeneration
 e - a potion of lignification {unknown}


   Skills:
 * Level 1.5 Fighting
 - Level 2.4 Dodging
 + Level 3.1 Stealth
 + Level 3.5 Spellcasting
 - Level 1.1 Conjurations
 + Level 3.6 Fire Magic


You had 8 spell levels left.
You knew the following spells:

 Your Spells              Type           Power      Damage    Failure   Level
a - Foxfire               Conj/Fire      44%        2x1d6     6%          1

Your spell library contained the following spells:

 Spells                   Type           Power      Damage    Failure   Level
 Scorch                   Fire           32%        2d6       5%          2
 Sandblast                Erth           6%         2d5       16%         1
 Sting                    Tmut/Pois      12%        1d3       16%         1
 Conjure Flame            Conj/Fire      11%        6-21      17%         3
 Inner Flame              Hex/Fire       9%         N/A       22%         3
 Passwall                 Tmut/Erth      2%         N/A       24%         2
 Poisonous Vapours        Pois/Air       6%         N/A       24%         2
 Stone Arrow              Conj/Erth      10%        3d7       36%         3
 Gell's Gravitas          Tloc           3%         N/A       43%         3
 Teleport Other           Tloc           3%         N/A       43%         3
 Flame Wave               Conj/Fire      11%        2d5       50%         4
 Olgreb's Toxic Radiance  Pois           3%         N/A       83%         4
 Dispersal                Tloc           1%         N/A       100%        6


Dungeon Overview and Level Annotations

Branches:
Dungeon (2/15)

Altars:

Annotations:
D:2 Sigmund


Message History

You conjure some foxfire!
The foxfire hits the endoplasm.
The endoplasm is heavily wounded.
You conjure some foxfire!
The foxfire hits the endoplasm.
You kill the endoplasm!
You conjure some foxfire!
Your foxfire dissipates!
Your foxfire dissipates!
HP restored.
Magic restored.
Found 11 gold pieces.
Sigmund shouts!
Sigmund is nearby!
Sigmund is nearby!
You conjure some foxfire!
You conjure some foxfire!
You conjure some foxfire!
The foxfire hits Sigmund.
Sigmund is lightly wounded.
The foxfire hits Sigmund.
Sigmund is moderately wounded.
The foxfire hits Sigmund but does no damage.
Sigmund is moderately wounded.
Sigmund gestures at you while chanting. The magic dart hits you.
You conjure some foxfire!
The foxfire hits Sigmund but does no damage.
Sigmund is moderately wounded.
Sigmund hits you from afar with a +0 scythe!
Ouch! That really hurt!
* * * LOW HITPOINT WARNING * * *
You are too injured to fight recklessly!
You feel drained.
You fail to use your ability.
The foxfire hits Sigmund.
Sigmund is moderately wounded.
The foxfire hits Sigmund but does no damage.
Sigmund is moderately wounded.
A bat comes into view.
The foxfire hits Sigmund.
Sigmund is heavily wounded.
Sigmund hits you from afar with a +0 scythe!
Ouch! That really hurt!
You die...

..♣♣........♣P..♣♣PP♣)..♣
...
♣♣♣.......♣.♣♣P♣♣..).♣
..P. ♣♣♣...P♣.♣♣..♣P†...♣
.....
.♣P..PP♣P♣♣.♣..♣...♣
...... .$. ♣.♣♣♣♣...♣.♣
..P. ♣♣.♣♣♣♣♣♣..♣
≈....♣♣♣♣P♣.♣♣.♣.♣.♣
.b.≈.@.♣§♣P♣PP...♣♣♣
♣...@♣§..♣...♣♣♣♣
≈≈≈≈♣≈♣§§§.....♣...♣ ≈
♣≈...§..♣.♣P.♣.P♣
≈...♣..♣.P♣♣♣♣.PP♣
≈.≈.♣...♣.♣♣♣..♣♣♣♣
.......♣.♣♣♣♣....♣ .
.♣.♣P♣P♣ ♣.♣♣.♣♣
...♣.♣♣.. ♣♣♣♣♣♣


You could see Sigmund and a bat.

Vanquished Creatures
  An adder (D:2)
  A dart slug (D:1)
  6 endoplasms
  A giant cockroach (D:1)
  3 hobgoblins (D:1)
  4 jackals (D:2)
  A ball python (D:1)
  4 bats (D:1)
  3 frilled lizards
  5 goblins
  A kobold (D:2)
  3 rats (D:1)
33 creatures vanquished.

Vanquished Creatures (collateral kills)
  18 foxfires (D:2)
18 creatures vanquished.

Vanquished Creatures (others)
  130 foxfires
  26 plants (D:2)
156 creatures vanquished.

Grand Total: 207 creatures vanquished

Notes
Turn   | Place    | Note
-------+----------+-------------------------------------------
     0 | D:1      | Hubjo the Deep Elf Fire Elementalist began the quest for
                  | the Orb.
     0 | D:1      | Reached XP level 1. HP: 10/10 MP: 6/6
   977 | D:1      | Reached XP level 2. HP: 16/16 MP: 4/8
  1043 | D:1      | Reached skill level 1 in Fighting
  1895 | D:2      | Reached XP level 3. HP: 20/20 MP: 1/9
  2040 | D:2      | Noticed Sigmund
  2255 | D:2      | Mangled by Sigmund

Illustrated notes

Levels and vault maps discovered:
D:1:      kennysheep_arrival_forest, layout_loops_corners, minmay_surrounded
D:2:      wad_woods_pond, layout_basic, basic_altar, serial_bayou_pond_d,
          chequers_serial_rivers_micro_d, uniq_sigmund

Skill      XL: |  1  2 |
---------------+-------+-----
Fighting       | 1 |  1.5
Stealth        | 3 |  3.1
Dodging        | |  2.4
Spellcasting   | |  3.5
Conjurations   | |  1.1
Fire Magic     | |  3.6

Action                   || total
-------------------------++-------
Melee: Dagger            ||    16
 Cast: Foxfire           ||   104
  Use: Scroll            ||     4
       Potion            ||     2
Armor: Robe              ||    15
Dodge: Dodged            ||    20

Table legend: (Time is in decaauts)
 A = Elapsed time spent in this place.
 B = Non-inter-level travel time spent in this place.
 C = Inter-level travel time spent in this place.
 D = Time resting spent in this place.
 E = Time spent auto-exploring this place.
 F = Levels seen in this place.
 G = Mean time per level.
                   A        B        C        D        E       F      G
               +--------+--------+--------+--------+--------+-----+--------+
         Total |   2254 |   2240 |     14 |      9 |   1920 |   2 | 1127.0 |
       Dungeon |   2254 |   2240 |     14 |      9 |   1920 |   2 | 1127.0 |
               +--------+--------+--------+--------+--------+-----+--------+

Top non-repeatable levels by time:
     D:1: 1705 daAuts
     D:2: 548 daAuts
